 Dungeon Crawl Stone Soup version 0.22.1-1-ga44c0e56f4 (webtiles) character file.

161 Ivernyr the Magician (level 5, 0/42 HPs)
             Began as a Naga Wizard on Oct 19, 2018.
             Slain by Purgy (4 damage)
             ... on level 3 of the Dungeon.
             The game lasted 00:26:24 (2664 turns).

Ivernyr the Magician (Naga Wizard)                  Turns: 2664, Time: 00:26:24

Health: 0/42       AC:  5    Str:  9    XL:     5   Next: 42%
Magic:  1/11       EV: 10    Int: 20    God:
Gold:   101        SH:  0    Dex:  9    Spells: 3/12 levels left

rFire    . . .     SeeInvis +   m - +0 spear
rCold    . . .     Gourm    .   (no shield)
rNeg     + . .     Faith    .   a - +0 robe
rPois    +         Spirit   .   b - +0 hat
rElec    .         Reflect  .   (no cloak)
rCorr    .         Harm     .   (no gloves)
MR       .....                  (no barding)
Stlth    ++........             k - amulet of inaccuracy (curse)
HPRegen  0.14/turn              j - ring of positive energy
MPRegen  0.12/turn              l - +3 ring of protection

@: very slow
A: large, see invisible, deformed body, poison resistance, slowness 2, slow
metabolism 1, spit poison 1, AC +1
a: Spit Poison


You were on level 3 of the Dungeon.
You were very hungry.

You visited 1 branch of the dungeon, and saw 3 of its levels.

You collected 101 gold pieces.

Inventory:

Hand Weapons
 m - a +0 spear (weapon)
Armour
 a - a +0 robe (worn)
 b - a +0 hat (worn)
 o - +0 ice dragon scales
Jewellery
 j - a ring of positive energy (left hand)
 k - a cursed amulet of inaccuracy (around neck)
 l - a +3 ring of protection (right hand)
 r - an uncursed amulet of rage {unknown}
Scrolls
 c - 2 scrolls of magic mapping {unknown}
 e - 3 scrolls of remove curse {unknown}
 i - a scroll of noise {unknown}
 q - a scroll of identify {unknown}
 s - a scroll of fear {unknown}
 t - a scroll of enchant weapon {unknown}
 v - a scroll of immolation {unknown}
Potions
 f - a potion of invisibility {unknown}
 g - a potion of might {unknown}
 h - a potion of magic {unknown}
 n - a potion of mutation {unknown}
 p - a potion of lignification {unknown}
 u - a potion of brilliance {unknown}
Comestibles
 d - 3 rations


   Skills:
 - Level 1.5 Dodging
 - Level 3.0 Stealth
 + Level 4.4 Spellcasting
 + Level 3.6 Conjurations
   Level 1.0 Summonings
 - Level 1.0 Translocations


You had 3 spell levels left.
You knew the following spells:

 Your Spells              Type           Power        Failure   Level  Hunger
a - Magic Dart            Conj           ###.         2%          1    None
b - Blink                 Tloc           N/A          12%         2    #......
c - Conjure Flame         Conj/Fire      ##......     17%         3    ###....
d - Mephitic Cloud        Conj/Pois/Air  #.......     22%         3    ###....

Your spell library contained the following spells:

 Spells                   Type           Power        Failure   Level  Hunger
 Call Imp                 Summ           #.......     12%         2    #......
 Slow                     Hex            #.......     19%         2    #......


Dungeon Overview and Level Annotations

Branches:
Dungeon (3/15)

Altars:
Ashenzari
Kikubaaqudgha
Makhleb
Nemelex Xobeh
Vehumet
Xom

Annotations:
D:2 Natasha
D:3 Purgy


Innate Abilities, Weirdness & Mutations

You cannot wear boots.
Your serpentine skin is tough. (AC +1)
You have supernaturally acute eyesight. (SInv)
Armour fits poorly on your strangely shaped body.
Your system is resistant to poisons. (rPois)
You cover ground very slowly.
You have a slow metabolism.
You can spit poison.


Message History

* * * LOW HITPOINT WARNING * * *
Purgy barely misses you. Purgy claws you but does no damage.
You closely miss Purgy.
Purgy is almost dead.
Purgy barely misses you. Purgy claws you but does no damage.
Purgy barely misses you.
You miss Purgy.
Purgy is almost dead.
Purgy bites you.
* * * LOW HITPOINT WARNING * * *
Purgy closely misses you. Purgy claws you but does no damage.
You miss Purgy.
Purgy is almost dead.
Purgy bites you but does no damage. Purgy claws you but does no damage. x2
You hit Purgy.
Purgy is almost dead.
You have got your breath back.
Purgy looks around nervously.
Purgy bites you.
You die...

#.# #.# #.###### ##
#.##...# #.. ##
#.##...### #.##
##...#####........# ...
......w.†.........#####
#. ##...#####T.........
... #. ## #.@....##.
#.###. ###....# #.....
#.#.## ###.## #.#.#
#.## #.#.. #.#.
.#.###.#### #.#.
#.........# #.#.
........#.# #.#†
###.#####.##########.#.


You could see Purgy.

Vanquished Creatures
  Natasha (D:2)
  3 adders (D:2)
  3 gnolls
  An ooze (D:1)
  3 worms
  2 dart slugs
  4 leopard geckos
  7 bats
  4 giant cockroaches
  10 goblins
  7 hobgoblins
  4 jackals (D:2)
  4 kobolds
  2 frilled lizards
  6 rats
61 creatures vanquished.

Notes
Turn   | Place    | Note
-------+----------+-------------------------------------------
     0 | D:1      | Ivernyr the Naga Wizard began the quest for the Orb.
     0 | D:1      | Reached XP level 1. HP: 15/15 MP: 4/4
    67 | D:1      | Reached XP level 2. HP: 20/22 MP: 3/6
    71 | D:1      | Learned a level 2 spell: Blink
   551 | D:1      | Reached XP level 3. HP: 28/28 MP: 6/8
   556 | D:1      | Learned a level 3 spell: Conjure Flame
   560 | D:1      | Learned a level 3 spell: Mephitic Cloud
  1291 | D:2      | Reached XP level 4. HP: 31/36 MP: 2/9
  1482 | D:2      | Noticed Natasha
  1491 | D:2      | Killed Natasha
  1491 | D:2      | Reached skill level 4 in Spellcasting
  1743 | D:2      | Reached XP level 5. HP: 42/42 MP: 3/11
  1955 | D:2      | Noticed Natasha
  2202 | D:2      | Found a sparkling altar of Nemelex Xobeh.
  2503 | D:2      | Found a shimmering altar of Xom.
  2505 | D:2      | Found an ornate altar of the Wu Jian Council.
  2505 | D:2      | Found a burning altar of Makhleb.
  2507 | D:2      | Found a radiant altar of Vehumet.
  2507 | D:2      | Found an ancient bone altar of Kikubaaqudgha.
  2507 | D:2      | Found a shimmering altar of Xom.
  2573 | D:3      | Found a shattered altar of Ashenzari.
  2625 | D:3      | Noticed Purgy
  2664 | D:3      | Slain by Purgy

Skill      XL: |  1  2  3  4 |
---------------+-------------+-----
Conjurations   | 2 3 |  3.6
Spellcasting   | 4 |  4.4
Dodging        | |  1.5
Stealth        | |  3.0
Summonings     | |  1.0
Translocations | |  1.0

Action                   |  1- 3 |  4- 6 || total
-------------------------+-------+-------++-------
Melee: Unarmed           |    18 |     1 ||    19
       Spear             |       |    33 ||    33
 Cast: Magic Dart        |    60 |    84 ||   144
       Mephitic Cloud    |     1 |     3 ||     4
       Blink             |       |     1 ||     1
       Conjure Flame     |       |     1 ||     1
 Abil: Spit Poison       |     8 |    13 ||    21
  Eat: Chunk             |     1 |     3 ||     4
Armor: Robe              |     2 |    34 ||    36
Dodge: Dodged            |    18 |    42 ||    60
